 Dungeon Crawl Stone Soup version 0.24.0-125-gc4c63601f3 (webtiles) character file.

Game seed: 3781526034870211331, levelgen mode: deterministic

2523 NiceKill the Frost Mage (level 9, -2/52 HPs)
             Began as a Kobold Ice Elementalist on Feb 16, 2020.
             Was a Follower of Sif Muna.
             Slain by an unseen horror (shapeshifter) (8 damage)
             ... on level 8 of the Dungeon.
             The game lasted 00:34:04 (11712 turns).

NiceKill the Frost Mage (Kobold Ice Elementalist)  Turns: 11712, Time: 00:34:05

Health: -2/52      AC:  6    Str:  7    XL:     9   Next: 84%
Magic:  2/16       EV: 17    Int: 19    God:    Sif Muna [*.....]
Gold:   68         SH:  0    Dex: 14    Spells: 7/18 levels left

rFire    . . .     SeeInvis .   y - +2 dagger (venom)
rCold    . . .     Gourm    .   (shield restricted)
rNeg     . . .     Faith    .   a - +0 robe
rPois    .         Spirit   .   (no helmet)
rElec    .         Reflect  .   (no cloak)
rCorr    .         Harm     .   v - +1 pair of gloves
MR       .....                  n - +1 pair of boots
Stlth    ++........             l - amulet of rage
HPRegen  0.17/turn              (no ring)
MPRegen  0.15/turn              (no ring)

@: very slightly contaminated
A: small, carnivore, clumsy 1, strong 1
a: Channel Magic, Renounce Religion, Evoke Berserk Rage


You were on level 8 of the Dungeon.
You worshipped Sif Muna.
Sif Muna was aware of your devotion.
You were very full.

You visited 1 branch of the dungeon, and saw 8 of its levels.

You collected 334 gold pieces.
You spent 266 gold pieces at shops.

Inventory:

Hand Weapons
 f - a +0 mace
 h - a +0 short sword
 q - a +0 hunting sling
 y - a +2 dagger of venom (weapon)
Missiles
 b - 99 arrows
 j - 8 boomerangs (quivered)
 s - 80 sling bullets
 t - 72 stones
Armour
 a - a +0 robe (worn)
 k - a +0 buckler
 n - a +1 pair of boots (worn)
 v - a +1 pair of gloves (worn)
Jewellery
 l - an amulet of rage (around neck)
Wands
 p - a wand of clouds (6)
 x - a wand of random effects (12)
Scrolls
 e - 4 scrolls of remove curse
 m - a scroll of noise {unknown}
 u - a scroll of fear
 z - a scroll of amnesia {unknown}
Potions
 d - a potion of magic {unknown}
 g - a potion of lignification
 i - 3 potions of curing
 r - a potion of might
 A - 2 potions of ambrosia
 B - a potion of flight {unknown}
 D - a potion of agility
Comestibles
 c - 16 rations


   Skills:
 + Level 3.8 Fighting
 - Level 5.0 Dodging
 - Level 3.0 Stealth
 - Level 5.0 Spellcasting
 - Level 5.0 Conjurations
 + Level 4.8 Summonings
 + Level 8.0 Ice Magic
 + Level 1.8 Invocations


You had 7 spell levels left.
You knew the following spells:

 Your Spells              Type           Power        Failure   Level  Hunger
a - Freeze                Ice            ####         1%          1    None
b - Throw Frost           Conj/Ice       ####..       1%          2    #......
c - Throw Icicle          Conj/Ice       ####....     9%          4    ####...
d - Summon Ice Beast      Ice/Summ       ####....     9%          4    ####...

Your spell library contained the following spells:

 Spells                   Type           Power        Failure   Level  Hunger
 Ozocubu's Armour         Chrm/Ice       ###.....     7%          3    ##.....


Dungeon Overview and Level Annotations

Branches:
Dungeon (8/15)             Temple (0/1) D:5
   Lair: D:8-11

Altars:
Ashenzari
Elyvilon
Hepliaklqana
Makhleb
Nemelex Xobeh
Qazlal
Sif Muna
Trog
Wu Jian

Shops:
D:6 (   D:7 !*


Innate Abilities, Weirdness & Mutations

You are small and have problems with some larger weapons.
You are carnivorous and can eat meat at any time.
You are clumsy. (Dex -2)
Your muscles are strong. (Str +2)


Message History

You feel much better. Something hits you!
* * * LOW HITPOINT WARNING * * *
Something hits you!
* * * LOW HITPOINT WARNING * * *
Something hits you.
* * * LOW HITPOINT WARNING * * *
Something barely misses you.
Unknown command.
Unknown command.
Okay, then.
Casting: Summon Ice Beast (safe; 9% risk of failure)
Confirm with . or Enter, or press ? or * to list all spells.
A chill wind blows around you. Something hits you.
* * * LOW HITPOINT WARNING * * *
Unknown command.
Unknown command.
Something hits you!
You die...

#.# #..####.#####
# #.# #..## #.# #
#.###...###.# #
#.##...#.##.#
#.#.#.......#
#..###†###..######
#......>..........
##<###.###.#######
. ##@##.##.##
##.#.#.## ##.Y.##
##.## #.# #.#
#.#########
#.......{.#
#########Y#


You could see a friendly ice beast.

Vanquished Creatures
  Prince Ribbit (D:6)
  A sky beast (D:5)
  4 ogres
  2 phantoms
  A big kobold (D:7)
  A bullfrog (D:6)
  A gnoll sergeant (D:5)
  A scorpion (D:6)
  A water moccasin skeleton (D:4)
  A wyvern skeleton (D:6)
  A killer bee (D:8)
  4 crimson imps
  2 bullfrog zombies
  2 hounds
  4 orc priests
  Jessica (D:3)
  3 orc wizards (D:4)
  6 worker ants
  3 hound skeletons
  A howler monkey zombie (D:5)
  A worker ant zombie (D:5)
  13 gnolls
  5 adders
  An ooze (D:1)
  4 adder skeletons
  A worm (D:2)
  3 dart slugs
  2 leopard geckos (D:5)
  20 orcs
  2 ball pythons
  6 giant cockroaches
  8 goblins
  8 hobgoblins
  8 jackals
  5 quokkas
  10 bats
  4 frilled lizards
  A jackal skeleton (D:4)
  11 kobolds
  2 leopard gecko skeletons (D:4)
  A quokka zombie (D:5)
  5 rats
162 creatures vanquished.

Vanquished Creatures (collateral kills)
  A hippogriff (D:7)
  2 orc warriors (D:7)
  A crocodile (D:8)
  A bullfrog (D:6)
  An orc priest (D:7)
  3 orcs (D:7)
9 creatures vanquished.

Vanquished Creatures (others)
  2 orc warriors (D:8)
  A hound (D:8)
  An iguana (D:8)
  A jackal (D:8)
5 creatures vanquished.

Grand Total: 176 creatures vanquished

Notes
Turn   | Place    | Note
-------+----------+-------------------------------------------
     0 | D:1      | NiceKill the Kobold Ice Elementalist began the quest for
                  | the Orb.
     0 | D:1      | Reached XP level 1. HP: 10/10 MP: 3/3
   376 | D:1      | Reached XP level 2. HP: 15/15 MP: 1/5
   382 | D:1      | Learned a level 2 spell: Throw Frost
   948 | D:1      | Reached XP level 3. HP: 19/19 MP: 4/6
  1954 | D:2      | Reached XP level 4. HP: 24/24 MP: 0/7
  2024 | D:2      | Learned a level 4 spell: Throw Icicle
  2174 | D:2      | Found a burning altar of Makhleb.
  2174 | D:2      | Found an ornate altar of the Wu Jian Council.
  3713 | D:3      | Reached skill level 4 in Ice Magic
  3713 | D:3      | Reached XP level 5. HP: 22/28 MP: 2/9
  3902 | D:3      | Noticed Jessica
  3907 | D:3      | Killed Jessica
  4645 | D:4      | Reached XP level 6. HP: 30/32 MP: 6/10
  4699 | D:4      | Found a burning altar of Makhleb.
  5118 | D:4      | Noticed an ogre
  5125 | D:4      | Killed an ogre
  5125 | D:4      | Reached XP level 7. HP: 36/36 MP: 2/12
  5215 | D:4      | Found a bloodstained altar of Trog.
  5219 | D:4      | Found a shattered altar of Ashenzari.
  5220 | D:4      | Found a white marble altar of Elyvilon.
  5652 | D:4      | Found a sparkling altar of Nemelex Xobeh.
  5665 | D:4      | Reached skill level 5 in Ice Magic
  5721 | D:4      | Found a shimmering blue altar of Sif Muna.
  5919 | D:4      | Became a worshipper of Sif Muna the Loreminder
  6030 | D:5      | Entered Level 5 of the Dungeon
  7248 | D:5      | Reached XP level 8. HP: 39/41 MP: 4/13
  7506 | D:5      | Found a white marble altar of Elyvilon.
  7525 | D:5      | Found a staircase to the Ecumenical Temple.
  7938 | D:6      | Found Wolumuarar's Antique Weapon Shop.
  7961 | D:5      | Reached skill level 5 in Dodging
  7961 | D:5      | Reached skill level 5 in Conjurations
  7961 | D:5      | Reached skill level 6 in Ice Magic
  7967 | D:5      | Learned a level 4 spell: Summon Ice Beast
  8195 | D:4      | Reached skill level 1 in Summonings
  8305 | D:6      | Noticed Prince Ribbit
  8536 | D:6      | Reached skill level 1 in Fighting
  8867 | D:6      | Gained mutation: You are clumsy. (Dex -2) [potion of
                  | mutation]
  8867 | D:6      | Gained mutation: Your muscles are strong. (Str +2) [potion
                  | of mutation]
  8872 | D:6      | Reached * piety under Sif Muna
  8875 | D:6      | Killed Prince Ribbit
  8875 | D:6      | Reached skill level 7 in Ice Magic
  8875 | D:6      | Reached XP level 9. HP: 48/48 MP: 3/16
  8980 | D:6      | Found a white marble altar of Elyvilon.
 10001 | D:6      | Reached skill level 5 in Spellcasting
 10157 | D:7      | Noticed a hippogriff
 10162 | D:7      | Killed a hippogriff
 10269 | D:7      | Found a hazy altar of Hepliaklqana.
 10321 | D:7      | Found Jesopt's Distillery.
 10329 | D:7      | Bought 2 potions of ambrosia for 160 gold pieces
 10329 | D:7      | Bought a potion of heal wounds for 50 gold pieces
 10560 | D:7      | Found Xonlaon's General Store.
 10565 | D:7      | Bought a potion of agility for 56 gold pieces
 10697 | D:7      | Found a stormy altar of Qazlal.
 11183 | D:7      | Reached skill level 1 in Invocations
 11610 | D:8      | Reached skill level 8 in Ice Magic
 11676 | D:8      | Noticed a hornet
 11679 | D:8      | a hornet changed into something unseen
 11701 | D:8      | Noticed a fire crab
 11704 | D:8      | a fire crab changed into something unseen
 11712 | D:8      | Slain by an unseen horror (shapeshifter)

Levels and vault maps discovered:
D:1:      grunt_arrival_lava_bath, layout_loops_corners, patterned_corridor
D:2:      layout_loops_cross, gammafunk_temple_overflow_wave
D:3:      layout_loops_corners, uniq_jessica
D:4:      layout_basic, led_sif_book, nemelex_xobeh_ov_fountains_minmay,
          minitemple, bloody_makhleb
D:5:      layout_cave_pools, temple_pool_b, first_ration, basic_altar
D:6:      layout_rooms, serial_shops, shop, elyvilon_altar_3,
          uniq_prince_ribbit1
D:7:      layout_loops_cross, kennysheep_little_box,
          nicolae_overflow_crystal_walls, serial_shops, nicolae_shop_crystal,
          nicolae_shop_crystal, item_on_display_a
D:8:      layout_loops_ring, old_standard_altar, xom_confusion_cloud,
          minmay_manual_monolith

Skill      XL: |  1  2  3  4  5  6  7  8  9 |
---------------+----------------------------+-----
Stealth        | 3 |  3.0
Dodging        | 3 4 5 |  5.0
Conjurations   | 2 3 4 5 |  5.0
Ice Magic      | 4 5 7 8 |  8.0
Spellcasting   | 3 4 5 |  5.0
Summonings     | 3 4 |  4.8
Fighting       | 2 3 |  3.8
Invocations    | 1 |  1.8

Action                   |  1- 3 |  4- 6 |  7- 9 || total
-------------------------+-------+-------+-------++-------
Melee: Short sword       |    21 |    12 |       ||    33
       Unarmed           |     1 |       |       ||     1
       Dagger            |       |       |   150 ||   150
 Fire: Hunting sling     |       |    74 |     1 ||    75
 Cast: Freeze            |    46 |    58 |   126 ||   230
       Throw Frost       |     5 |    20 |    60 ||    85
       Throw Icicle      |       |       |    19 ||    19
       Summon Ice Beast  |       |       |    14 ||    14
 Abil: Evoke Berserk Rag |       |       |     1 ||     1
Evoke: Wand              |       |       |     5 ||     5
  Use: Scroll            |     3 |     6 |     6 ||    15
       Potion            |       |       |     6 ||     6
 Stab: Sleeping          |     5 |       |     3 ||     8
       Distracted        |       |       |     1 ||     1
  Eat: Chunk             |    12 |    11 |    28 ||    51
Armor: Robe              |     7 |    12 |    40 ||    59
       Skin              |       |       |    10 ||    10
Dodge: Dodged            |    52 |    80 |   217 ||   349
